 Dungeon Crawl Stone Soup version 0.16.0 (webtiles) character file.

470 Minkie the Cudgeler (level 7, -1/72 HPs)
             Began as an Ogre Hunter on Mar 21, 2015.
             Slain by chequers' ghost (18 damage)
             ... on level 5 of the Dungeon.
             The game lasted 00:12:00 (3241 turns).

Minkie the Cudgeler (Ogre Hunter)                   Turns: 3241, Time: 00:12:00

Health: -1/72      AC:  3    Str: 18    XL:     7   Next: 9%
Magic:  7/7        EV: 10    Int: 12    God:
Gold:   228        SH:  0    Dex: 10    Spells: 0 memorised, 6 levels left

rFire  . . .     SeeInvis .     q - +0 whip
rCold  . . .     Clarity  .     d - +0 animal skin
rNeg   . . .     SustAb   .     (shield restricted)
rPois  +         Gourm    .     (helmet restricted)
rElec  +         Spirit   .     (no cloak)
rCorr  .         Warding  .     (gloves unavailable)
rMut   .         Rnd*Tele +     (boots unavailable)
MR     .....                    (no amulet)
Stlth  ++........               (no ring)
                                u - ring "Twiamp" {+/*Tele rElec rPois Stlth+}

@: not resistant to hostile enchantments, unstealthy
A: unfitting armour, tough skin 1
a: Evoke Teleportation


You were on level 5 of the Dungeon.
You were not hungry.

You visited 1 branch of the dungeon, and saw 6 of its levels.

You collected 228 gold pieces.

Inventory:

Hand weapons
 j - a +0 club
 q - a +0 whip (weapon)
Missiles
 a - a javelin (quivered)
 c - 2 throwing nets
Armour
 d - a +0 animal skin (worn)
Jewellery
 u - the ring "Twiamp" (left hand) {+/*Tele rElec rPois Stlth+}
   (You found it on level 5 of the Dungeon)

   [ring of teleportation]

   It causes random teleportation, and can be evoked to teleport at will.
   It insulates you from electricity.
   It protects you from poison.
   It makes you more stealthy.
Scrolls
 e - 4 scrolls of identify {unknown}
 g - 3 scrolls of remove curse {unknown}
 i - 5 scrolls of teleportation {unknown}
 k - 2 scrolls of enchant weapon {unknown}
 l - a scroll of enchant armour {unknown}
 o - 2 scrolls of magic mapping {unknown}
 v - a scroll of recharging {unknown}
 y - a scroll of random uselessness {unknown}
Potions
 h - 4 potions of curing {unknown}
 n - 2 potions of restore abilities {unknown}
 p - a potion of cure mutation {unknown}
 r - a potion of heal wounds {unknown}
 s - a potion of poison {unknown}
 t - a potion of magic {unknown}
 x - 2 potions of ambrosia {unknown}
Comestibles
 f - 2 meat rations
 m - 5 fruits
 w - a bread ration
 z - 2 chunks of flesh


   Skills:
 + Level 5.4 Fighting
 * Level 6.5 Maces & Flails
 - Level 4.3 Throwing
 + Level 3.5 Dodging
 - Level 0.7 Stealth


You had 6 spell levels left.
You didn't know any spells.

Dungeon Overview and Level Annotations

Branches:
Dungeon (6/15)
 Temple: D:4-7

Altars:
Ashenzari
Okawaru
Ru
Trog
Xom
Zin

Annotations:
D:5 chequers' ghost, experienced KoFi


Innate Abilities, Weirdness & Mutations

You are too large for most types of armour.
You have tough skin (AC +1).


Message History

Aim: chequers' ghost (lightly damaged)
You throw a javelin.
The javelin hits chequers' ghost but does no damage.
Chequers' ghost is lightly damaged.
You hit chequers' ghost but do no damage.
Chequers' ghost is lightly damaged.
Chequers' ghost hits you.
You hit chequers' ghost but do no damage.
Chequers' ghost is lightly damaged.
You closely miss chequers' ghost.
Chequers' ghost is lightly damaged.
Chequers' ghost hits you!
You hit chequers' ghost but do no damage.
Chequers' ghost is lightly damaged.
Chequers' ghost hits you!
* * * LOW HITPOINT WARNING * * *
You closely miss chequers' ghost.
Chequers' ghost is lightly damaged.
Chequers' ghost hits you!!
You die...

.................##
...........(.....#
........##.(.......#
......#####......#.#
....# #.(..### . ...
#....### .. #...(#.#
#...W#.# #..#.@.#
#....#.# ##.....# ..
##..##.##...
###..##......
#..#..#......
...##.#........ #
##. ##.....#.... #.
# ##..........


You could see chequers' ghost.

Vanquished Creatures
  A sky beast (D:5)
  An orc warrior (D:6)
  A crimson imp (D:5)
  A hound (D:5)
  An orc wizard (D:3)
  A killer bee zombie (D:5)
  A worker ant (D:6)
  4 adders
  2 worms (D:2)
  4 giant geckos
  2 oozes
  4 orcs
  A bat zombie (D:5)
  5 giant cockroaches
  11 goblins
  12 hobgoblins
  10 kobolds
  3 quokkas
  4 bats
  5 giant newts
  6 jackals
  11 rats
  4 ballistomycetes (D:6)
95 creatures vanquished.

Vanquished Creatures (others)
  A giant spore (D:6)
1 creature vanquished.

Grand Total: 96 creatures vanquished

Notes
Turn   | Place    | Note
--------------------------------------------------------------
     0 | D:1      | Minkie, the Ogre Hunter, began the quest for the Orb.
     0 | D:1      | Reached XP level 1. HP: 22/22 MP: 1/1
   108 | D:1      | Reached XP level 2. HP: 18/31 MP: 2/2
   205 | D:1      | Reached skill level 1 in Maces & Flails
   579 | D:2      | Reached XP level 3. HP: 37/37 MP: 3/3
   787 | D:2      | Reached XP level 4. HP: 44/48 MP: 4/4
  1625 | D:3      | Found a glowing silver altar of Zin.
  1667 | D:3      | Found a sacrificial altar of Ru.
  1689 | D:3      | Reached XP level 5. HP: 49/54 MP: 5/5
  1801 | D:3      | Found a shimmering altar of Xom.
  2250 | D:3      | Found a shattered altar of Ashenzari.
  2253 | D:3      | Found a bloodstained altar of Trog.
  2256 | D:3      | Found an iron altar of Okawaru.
  2341 | D:4      | You fall through a shaft for 2 floors!
  2345 | D:6      | Noticed an orc warrior
  2354 | D:6      | Killed an orc warrior
  2354 | D:6      | Reached skill level 5 in Maces & Flails
  2354 | D:6      | Reached XP level 6. HP: 61/63 MP: 6/6
  2455 | D:5      | Entered Level 5 of the Dungeon
  2699 | D:5      | Got a scintillating platinum ring
  2700 | D:5      | Identified the ring "Twiamp" {+/*Tele rElec rPois Stlth+} (You found it on level 5 of the Dungeon)
  2981 | D:5      | Reached skill level 5 in Fighting
  2981 | D:5      | Reached skill level 6 in Maces & Flails
  3038 | D:6      | Reached XP level 7. HP: 30/72 MP: 7/7
  3200 | D:5      | Noticed chequers' ghost (experienced KoFi)
  3218 | D:5      | Found a shimmering altar of Xom.
  3241 | D:5      | Slain by chequers' ghost

Action                   |  1- 3 |  4- 6 |  7- 9 || total
-------------------------+-------+-------+-------++-------
Melee: Short sword       |    95 |    62 |       ||   157
       Whip              |       |   208 |    21 ||   229
Throw: Large rock        |     5 |     9 |     4 ||    18
       Javelin           |       |     1 |     7 ||     8
 Stab: Sleeping          |       |     1 |       ||     1
       Paralysed         |       |     1 |       ||     1
  Eat: Chunk             |       |     7 |     1 ||     8
